 Dungeon Crawl Stone Soup version 0.31.0-11-ge490571c62 (webtiles) character file.

Game seed: 15234941501858597638

42 qw the Shooter (level 3, -3/18 HPs)
             Began as a Spriggan Hunter on Feb 4, 2024.
             Slain by a quokka (5 damage)
             ... on level 1 of the Dungeon.
             The game lasted 00:00:02 (834 turns).

qw the Shooter (Spriggan Hunter)                     Turns: 834, Time: 00:00:03

Health: -3/18      AC:  2    Str:  6 (7)  XL:     3   Next: 33%
Magic:  4/4        EV: 19    Int:  8 (10) God:
Gold:   29         SH:  0    Dex: 18 (20) Spells: 2/2 levels left

rFire   . . .        a - +0 shortbow
rCold   . . .        (shield currently unavailable)
rNeg    . . .        c - +0 robe
rPois   .            (helmet restricted)
rElec   .            (no cloak)
rCorr   .            (gloves unavailable)
SInv    +            (boots unavailable)
Will    .....        (no amulet)
Stlth   ++           (no ring)
HPRegen 0.23/turn    (no ring)
MPRegen 0.09/turn

%: no passive effects
@: very quick
A: very small, no large weapons, unfitting armour, see invisible, speed 3
a: no special abilities


You were on level 1 of the Dungeon.
You visited 1 branch of the dungeon, and saw 2 of its levels.

You collected 29 gold pieces.


Innate Abilities, Weirdness & Mutations

You are very small and have problems with some larger weapons.
You are too small for most types of armour.
You have supernaturally acute eyesight. (SInv)
You cover ground extremely quickly. (Speed+++)


   Skills:
 - Level 1.5 Fighting
 + Level 4.6 Ranged Weapons
 - Level 4.0 Dodging
 - Level 1.5 Stealth


You had 2 spell levels left.
You didn't know any spells.
Your spell library was empty.

Inventory:

Hand Weapons
 a - a +0 shortbow (weapon)
Armour
 c - a +0 robe (worn)
Potions
 f - a potion of curing {unknown}

Dungeon Overview and Level Annotations

Branches:
Dungeon (2/15)

Altars:


Message History

The quokka bites you.
The kobold hits you with a +0 short sword.
There is a stone staircase leading up here.
822 ||| STAIRDANCE The quokka misses you.
The kobold completely misses you. The quokka misses you.
You climb upwards.
There is a stone staircase leading down here.
You shoot an arrow. The arrow misses the kobold.
The kobold hits you with a +0 short sword.
The quokka misses you.
You shoot an arrow. The arrow barely misses the kobold.
The quokka bites you. The kobold misses you.
You shoot an arrow.
The arrow hits the kobold but does no damage.
The quokka misses you.
The kobold hits you with a +0 short sword.
The quokka barely misses you.
You shoot an arrow. The arrow hits the kobold.
The kobold is moderately wounded.
The kobold completely misses you. The quokka bites you.
The kobold hits you with a +0 short sword.
You shoot an arrow. The arrow closely misses the kobold.
The quokka twitches its whiskers.
The quokka bites you but does no damage.
The kobold hits you with a +0 short sword.
You shoot an arrow. The arrow hits the kobold.
You kill the kobold!
The quokka misses you. x2
You shoot an arrow. The arrow misses the quokka.
The quokka closely misses you.
You shoot an arrow. The arrow completely misses the quokka.
The quokka misses you. The quokka completely misses you.
You shoot an arrow.
The arrow hits the quokka but does no damage.
The quokka bites you.
You shoot an arrow. The arrow barely misses the quokka.
The quokka bites you.
You shoot an arrow. The arrow closely misses the quokka.
The quokka completely misses you. The quokka bites you.
You die...

####.#### #.....##.#.##.#
#.!.....# ####.####.#.##.#
#.##.##.# #.......#.#.##.#
#.##.##.# #.##.##.#.#.##.#
#.##....###.#..##.#.#.##.#
#.#####.......###.#......# ###
###.#####.###...###.###.#### #..
..........# #..)r...###%# #####.#
.......#### ##.)@.......###...#..
...#...# ##)##########.......
#.###.## #..# #........ #.# #.#
##.# #........ #.###.# ##.##
#####........ ......# #...#
#..........). .###..# #...#
#.#####...##. ...#..#### #...#
#.##...%...##
...#....)######...###.#.........#


You could see a quokka.

Vanquished Creatures
  A gnoll (D:1)
  A dart slug (D:1)
  2 endoplasms (D:1)
  A giant cockroach (D:1)
  2 goblins (D:1)
  2 hobgoblins (D:1)
  4 jackals (D:1)
  A quokka (D:1)
  5 ball pythons (D:1)
  3 frilled lizards (D:1)
  2 kobolds (D:1)
  6 rats (D:1)
30 creatures vanquished.

Notes
Turn   | Place    | Note
-------+----------+-------------------------------------------
     0 | D:1      | qw the Spriggan Hunter began the quest for the Orb.
     0 | D:1      | Reached XP level 1. HP: 10/10 MP: 2/2
     0 | D:1      | 0 ||| qw: Version: 0.3-a-160-g6735b56
     0 | D:1      | 0 ||| qw: Game counter: 5152
     0 | D:1      | 0 ||| qw: Melee chars always use a shield: true
     0 | D:1      | 0 ||| qw: God list: Okawaru
     0 | D:1      | 0 ||| qw: Allow faded altars: false
     0 | D:1      | 0 ||| qw: Do Orc after clearing Dungeon:15 true
     0 | D:1      | 0 ||| qw: Do second Lair branch before Depths: true
     0 | D:1      | 0 ||| qw: Lair rune preference: random
     0 | D:1      | 0 ||| qw: Goals: Normal
     0 | D:1      | 0 ||| PLANNING D:1-11
     3 | D:1      | Noticed an electric eel
     4 | D:1      | Noticed an electric eel
    27 | D:1      | Reached skill level 3 in Dodging
    65 | D:1      | Found a faded altar of an unknown god.
   100 | D:1      | Reached XP level 2. HP: 14/14 MP: 3/3
   220 | D:1      | HP: 2/14 [gnoll/+0 whip (3)]
   378 | D:1      | Reached XP level 3. HP: 18/18 MP: 4/4
   671 | D:1      | 671 ||| READING scroll labelled ZIASEH VABB.
   772 | D:1      | 772 ||| READING scroll labelled WUOL KOYSOHIT.
   773 | D:1      | 773 ||| READING scroll labelled ASEKET EXZUINK.
   776 | D:1      | 776 ||| DRINKING 2 clear potions.
   777 | D:1      | 777 ||| DROPPING scroll of butterflies.
   778 | D:1      | 778 ||| DROPPING potion of degeneration.
   794 | D:2      | 794 ||| STAIRDANCE
   805 | D:2      | 805 ||| STAIRDANCE
   822 | D:2      | 822 ||| STAIRDANCE
   832 | D:1      | HP: 4/18 [quokka (3)]
   833 | D:1      | HP: 1/18 [quokka (3)]
   834 | D:1      | Slain by a quokka

Levels and vault maps discovered:
D:1:      arrival_aquarium_b, layout_loops_cross, basic_ecumenical_altar
D:2:      layout_basic, minmay_shallow_snake_nest

Skill      XL: |  1  2 |
---------------+-------+-----
Dodging        | 3 4 |  4.0
Fighting       | |  1.5
Ranged Weapons | |  4.6
Stealth        | |  1.5

Action                     || total
---------------------------++-------
   Fire: Shortbow          ||    91
    Use: Scroll            ||     3
         Potion            ||     1
 Armour: Robe              ||    31
  Dodge: Dodged            ||    81

Table legend:
 A = Non-vault XP
 B = Vault XP
 C = Vault XP percentage of total XP
 D = Non-vault monster count
 E = Vault monster count
 F = Vault count percentage of total count
                 A         B        C        D         E       F
            +---------+---------+-------+---------+---------+-------
      Total |      60 |       0 |   0.0 |      30 |       0 |   0.0
            +---------+---------+-------+---------+---------+-------
        D:1 |      60 |       0 |   0.0 |      30 |       0 |   0.0
            +---------+---------+-------+---------+---------+-------
